 Dungeon Crawl Stone Soup version 0.26-a0-84-g8c18429211 (webtiles) character file.

Game seed: 8199692404439885666

248 KristoblXynda the Ruffian (level 5, 0/67 HPs)
             Began as a Troll Wizard on June 21, 2020.
             Succumbed to an orc wizard's poison
             ... on level 3 of the Dungeon.
             The game lasted 00:03:30 (2188 turns).

KristoblXynda the Ruffian (Troll Wizard)            Turns: 2188, Time: 00:03:30

Health: 0/67       AC:  7    Str: 15    XL:     5   Next: 86%
Magic:  7/7        EV:  9    Int: 15    God:
Gold:   185        SH:  0    Dex:  8    Spells: 7/8 levels left

rFire    . . .     SeeInvis .     - Unarmed
rCold    . . .     Gourm    +   (no shield)
rNeg     . . .     Faith    .   a - +0 robe
rPois    .         Spirit   .   b - +0 hat
rElec    .         Reflect  .   i - +0 cloak
rCorr    .         Harm     .   (gloves unavailable)
MR       .....                  (boots unavailable)
Stlth    ..........             (no amulet)
HPRegen  0.61/turn              (no ring)
MPRegen  0.10/turn              (no ring)

@: berserking, lethally poisoned (0 -> -6), flying, very quick
A: large, unfitting armour, claws 3, fast metabolism 3, gourmand, regeneration
1, shaggy fur 1, tough skin 3
a: no special abilities


You were on level 3 of the Dungeon.
You were very full.

You visited 1 branch of the dungeon, and saw 3 of its levels.

You collected 185 gold pieces.

Inventory:

Armour
 a - a +0 robe (worn)
 b - a +0 hat (worn)
 i - a +0 cloak (worn)
Jewellery
 c - an uncursed ring of resist corrosion {unknown}
Scrolls
 e - a scroll of teleportation {unknown}
 j - a scroll of blinking {unknown}
 k - a scroll of immolation {unknown}
 l - a scroll of identify {unknown}
 m - a scroll of fear {unknown}
Potions
 h - a potion of flight
Comestibles
 d - 5 rations


   Skills:
 - Level 1.5 Dodging
 - Level 1.0 Stealth
 + Level 3.9 Unarmed Combat
 - Level 2.0 Spellcasting
 + Level 3.1 Conjurations
   Level 0.6 Summonings
   Level 0.6 Translocations


You had 7 spell levels left.
You knew the following spells:

 Your Spells              Type           Power        Failure   Level  Hunger
a - Magic Dart            Conj           ##..         6%          1    #......

Your spell library contained the following spells:

 Spells                   Type           Power        Failure   Level  Hunger
 Blink                    Tloc           N/A          26%         2    ###....
 Call Imp                 Summ           #.......     26%         2    ###....
 Slow                     Hex            #.......     32%         2    ###....
 Conjure Flame            Conj/Fire      #.......     34%         3    ###....
 Mephitic Cloud           Conj/Pois/Air  #.......     41%         3    ###....


Dungeon Overview and Level Annotations

Branches:
Dungeon (3/15)

Altars:
Gozag


Innate Abilities, Weirdness & Mutations

You are too large for most types of armour.
You have claws for hands.
Your metabolism is lightning-fast.
You like to eat raw meat.
Your natural rate of healing is unusually fast.
You are covered in fur. (AC +1)
You have extremely tough skin. (AC +3)


Message History

* * * LOW HITPOINT WARNING * * *
You feel sick.
* * * LOW HITPOINT WARNING * * *
You feel sick. The orc hits you but does no damage.
Items here: )) [[ † a +0 short sword; a +0 scale mail; a +2 dagger of venom; a +0 robe an orc corpse You barely miss the orc.
* * * LOW HITPOINT WARNING * * *
You feel sick.
You barely miss the orc.
* * * LOW HITPOINT WARNING * * *
You feel sick. The orc hits you with a +0 flail.
* * * LOW HITPOINT WARNING * * *
Unknown command.
You claw the orc!
You kill the orc!
* * * LOW HITPOINT WARNING * * *
You feel sick.
You die...

######## ....### #......#
.....# #......# #....#
#......# # #....# #).....#
#.. #....# ####......#
#...#....# #..'......'
........o#######.##......#
........o@)...............
.........###.#############
......######.#############
......#...................
..... #.####.#.###########
.>.... ....................
#..##. #.####.#.##########.
#.. #. #.# #.#.####### #.
##..##.##.####.........####.


You could see 2 orcs.

Vanquished Creatures
  An orc wizard (D:3)
  Crazy Yiuf (D:2)
  Jessica (D:2)
  Natasha (D:3)
  5 adders
  An ooze (D:2)
  2 dart slugs
  4 worms (D:2)
  5 leopard geckos
  8 orcs
  8 bats
  3 giant cockroaches
  4 goblins
  4 hobgoblins
  4 jackals (D:2)
  A quokka (D:2)
  A ball python (D:3)
  2 frilled lizards
  9 kobolds
  3 rats
68 creatures vanquished.

Notes
Turn   | Place    | Note
-------+----------+-------------------------------------------
     0 | D:1      | KristoblXynda the Troll Wizard began the quest for the Orb.
     0 | D:1      | Reached XP level 1. HP: 16/16 MP: 2/2
   202 | D:1      | Reached skill level 1 in Conjurations
   215 | D:1      | Reached skill level 1 in Unarmed Combat
   215 | D:1      | Reached XP level 2. HP: 24/24 MP: 4/4
   806 | D:2      | Noticed Jessica
   820 | D:2      | Killed Jessica
   820 | D:2      | Reached XP level 3. HP: 16/31 MP: 5/5
   892 | D:2      | Reached XP level 4. HP: 37/39 MP: 6/6
  1218 | D:2      | Found a runed translucent door.
  1219 | D:2      | Noticed Crazy Yiuf
  1452 | D:2      | Killed Crazy Yiuf
  1452 | D:2      | Reached XP level 5. HP: 41/45 MP: 7/7
  1878 | D:3      | Noticed Natasha
  1885 | D:3      | Killed Natasha
  1924 | D:3      | Found an opulent altar of Gozag.
  2186 | D:3      | HP: 2/67 [orc/+0 flail (2)]
  2188 | D:3      | Succumbed to an orc wizard's poison

Illustrated notes

Levels and vault maps discovered:
D:1:      minmay_arrival_loop, layout_loops_ring, serial_glass, glass_columns_a,
          glass_columns_c, hangedman_decor_growths
D:2:      minmay_evil_eye, layout_rooms, hangedman_decor_peaks_small,
          uniq_crazy_yiuf_cottage, uniq_jessica
D:3:      layout_basic, lemuel_statue_altar, uniq_natasha

Skill      XL: |  1  2  3  4  5 |
---------------+----------------+-----
Conjurations   | 1 2 3 |  3.1
Unarmed Combat | 1 2 3 |  3.9
Dodging        | |  1.5
Stealth        | |  1.0
Spellcasting   | |  2.0
Summonings     | |  0.6
Translocations | |  0.6

Action                   |  1- 3 |  4- 6 || total
-------------------------+-------+-------++-------
Melee: Unarmed           |    74 |   147 ||   221
       Punch             |       |     2 ||     2
  Use: Potion            |       |     2 ||     2
 Stab: Sleeping          |       |     3 ||     3
  Eat: Chunk             |    14 |    11 ||    25
Armor: Robe              |    39 |    52 ||    91
Dodge: Dodged            |    31 |    60 ||    91

Table legend:
 A = Non-vault XP
 B = Vault XP
 C = Vault XP percentage of total XP
 D = Non-vault monster count
 E = Vault monster count
 F = Vault count percentage of total count
                 A         B        C        D         E       F
            +---------+---------+-------+---------+---------+-------
      Total |     242 |     113 |  31.8 |      65 |       3 |   4.4
            +---------+---------+-------+---------+---------+-------
        D:1 |      33 |       0 |   0.0 |      17 |       0 |   0.0
        D:2 |      89 |      78 |  46.7 |      25 |       2 |   7.4
        D:3 |     120 |      35 |  22.6 |      23 |       1 |   4.2
            +---------+---------+-------+---------+---------+-------
